 Dungeon Crawl Stone Soup version 0.31-a0-963-ga325b2283a (webtiles) character file.

Game seed: 15409625572014469093

207 Shayle the Trooper (level 5, -4/55 HPs)
             Began as an Ogre Hexslinger on Oct 25, 2023.
             Slain by a gnoll
             ... wielding a +0 halberd
              (6 damage)
             ... on level 3 of the Dungeon.
             The game lasted 00:05:24 (2795 turns).

Shayle the Trooper (Ogre Hexslinger)                Turns: 2795, Time: 00:05:24

Health: -4/55      AC:  3    Str: 10 (12) XL:     5   Next: 85%
Magic:  3/6        EV: 10    Int: 13 (16) God:
Gold:   117        SH:  0    Dex:  8 (11) Spells: 4/6 levels left

rFire   . . .        a - +1 sling
rCold   . . .        (no shield)
rNeg    . . .        c - +0 robe
rPois   .            (helmet restricted)
rElec   .            (no cloak)
rCorr   .            (gloves unavailable)
SInv    .            (boots unavailable)
Will    .....        (no amulet)
Stlth   +            (no ring)
HPRegen 0.29/turn    (no ring)
MPRegen 0.10/turn

%: no passive effects
@: weak-willed
A: large, unfitting armour, tough skin 1
a: no special abilities


You were on level 3 of the Dungeon.
You visited 1 branch of the dungeon, and saw 3 of its levels.

You collected 117 gold pieces.

Inventory:

Hand Weapons
 a - a +1 sling (weapon)
 f - a +3 spear
Armour
 c - a +0 robe (worn)
Jewellery
 s - a ring of positive energy
Scrolls
 b - a scroll of poison
 d - a scroll of torment {unknown}
 e - 2 scrolls of enchant armour {unknown}
 g - a scroll of fog {unknown}
 h - a scroll of brand weapon {unknown}
 i - a scroll of revelation {unknown}
 k - a scroll of fear {unknown}
 l - a scroll of teleportation {unknown}
 m - a scroll of silence {unknown}
 n - a scroll of vulnerability {unknown}
 o - a scroll of acquirement {unknown}
 q - a scroll of noise {unknown}
 r - a scroll of identify {unknown}
Potions
 j - a potion of invisibility {unknown}


   Skills:
 + Level 4.3 Fighting
 - Level 1.3 Ranged Weapons
 + Level 3.3 Dodging
 + Level 2.6 Unarmed Combat
 - Level 1.2 Spellcasting
 - Level 2.6 Hexes
 - Level 0.8 Fire Magic


You had 4 spell levels left.
You knew the following spells:

 Your Spells              Type           Power      Damage    Failure   Level
a - Jinxbite              Hex            14%        N/A       14%         2

Your spell library contained the following spells:

 Spells                   Type           Power      Damage    Failure   Level
 Apportation              Tloc           0%         N/A       28%         1
 Sting                    Tmut/Pois      0%         1d3       28%         1
 Sigil of Binding         Hex            7%         N/A       28%         3
 Poisonous Vapours        Pois/Air       0%         N/A       38%         2
 Sublimation of Blood     Necr           0%         N/A       38%         2
 Inner Flame              Hex/Fire       5%         N/A       38%         3
 Cause Fear               Hex            3%         N/A       67%         4
 Dimensional Bullseye     Hex/Tloc       2%         N/A       85%         4
 Olgreb's Toxic Radiance  Pois           0%         N/A       95%         4
 Petrify                  Tmut/Erth      0%         N/A       95%         4
 Alistair's Intoxication  Tmut/Pois      0%         N/A       100%        5
 Irradiate                Conj/Tmut      0%         3d11      100%        5


Dungeon Overview and Level Annotations

Branches:
Dungeon (3/15)

Altars:

Annotations:
D:3 Ijyb


Innate Abilities, Weirdness & Mutations

You are too large for most types of armour.
You have tough skin. (AC +1)


Message History

The worm bites you but does no damage. The gnoll closely misses you.
You shoot a sling bullet. The sling bullet hits the worm.
The worm is moderately wounded.
A giggling sprite leaps out and makes the worm trip over its own tail.
The worm is heavily wounded.
The gnoll hits you from afar with a +0 halberd!
The worm completely misses you.
You shoot a sling bullet.
The sling bullet hits the worm but does no damage.
The worm is heavily wounded.
A giggling sprite leaps out and ties the worm's tail in a knot.
The worm is severely wounded.
The gnoll closely misses you. The worm bites you but does no damage.
The gnoll barely misses you.
You shoot a sling bullet. The sling bullet hits the worm.
The worm is almost dead.
A giggling sprite leaps out and ties the worm's tail in a knot.
You kill the worm!
The jinxing sprites lose interest in you.
The gnoll barely misses you. The gnoll closely misses you.
You see here a +0 robe.
Unknown command.
You shoot a sling bullet.
The sling bullet closely misses the gnoll.
The sling bullet hits the gnoll.
The gnoll is moderately wounded.
The gnoll barely misses you.
You shoot a sling bullet. The sling bullet hits the gnoll.
The gnoll is almost dead.
The gnoll hits you with a +0 halberd!
* * * LOW HITPOINT WARNING * * *
The gnoll hits you with a +0 halberd!
* * * LOW HITPOINT WARNING * * *
Unknown command.
It was a potion of degeneration.
There was something very wrong with that liquid.
You feel weakened.
You feel dopey.
You feel clumsy. The gnoll hits you with a +0 halberd.
You die...

#.# ##...## ##.# ##.....##
# ..g# ##.......######.###
..####.........#.......##
....g'...g?....'.........
..####.........#.##....##
.## ##..)....##g# .#.# ##
##.....###g# ..# ##...##
#@# #.# ##'## #.# #.# #.#
#.#####.# #.# #....)..#
#########.## #######.#
#......#...#### #.####
##.####........#######....#
##.###g.#...###........##.#
##.#..(...................#


You could see 2 gnolls.

Vanquished Creatures
  Natasha (thrice) (D:2)
  Robin (D:3)
  5 gnolls
  An adder (D:3)
  A worm (D:3)
  2 dart slugs
  An orc (D:3)
  4 bats
  2 endoplasms (D:2)
  A giant cockroach (D:2)
  5 goblins
  4 hobgoblins
  10 jackals
  4 kobolds
  3 quokkas
  A ball python (D:1)
  4 frilled lizards
  3 rats
55 creatures vanquished.

Notes
Turn   | Place    | Note
-------+----------+-------------------------------------------
     0 | D:1      | Shayle the Ogre Hexslinger began the quest for the Orb.
     0 | D:1      | Reached XP level 1. HP: 19/19 MP: 2/2
   140 | D:1      | Reached skill level 2 in Fighting
   140 | D:1      | Reached skill level 1 in Unarmed Combat
   140 | D:1      | Reached XP level 2. HP: 19/28 MP: 3/3
   379 | D:1      | Reached XP level 3. HP: 36/36 MP: 4/4
   573 | D:1      | Found a faded altar of an unknown god.
  1262 | D:2      | Learned a level 2 spell: Jinxbite
  1342 | D:1      | Reached skill level 3 in Fighting
  1342 | D:1      | Reached XP level 4. HP: 6/45 MP: 1/5
  1621 | D:2      | Noticed Natasha
  1626 | D:2      | Killed Natasha
  1795 | D:2      | Noticed Natasha
  1802 | D:2      | Killed Natasha
  1803 | D:2      | Reached XP level 5. HP: 38/54 MP: 3/6
  1910 | D:2      | You fall into a shaft and drop 1 floor!
  1923 | D:3      | Noticed Ijyb
  1924 | D:3      | Noticed Robin
  1964 | D:3      | Killed Robin
  1965 | D:3      | Reached skill level 4 in Fighting
  2378 | D:3      | Noticed an ogre
  2546 | D:2      | Noticed Natasha
  2559 | D:2      | Killed Natasha
  2794 | D:3      | HP: 2/55 [gnoll/+0 halberd (14)]
  2795 | D:3      | Slain by a gnoll

Illustrated notes

Levels and vault maps discovered:
D:1:      elethiomel_arrival_maze, layout_loops_ring,
          shapermc_ecumenical_altar_totnotflames, minmay_stone_trees_small,
          nicolae_figureground_pulse
D:2:      layout_basic, uniq_natasha
D:3:      layout_loops_corners, minmay_misc_feat_secret_circle,
          nicolae_goblin_pals

Skill      XL: |  1  2  3  4  5 |
---------------+----------------+-----
Fighting       | 2 3 4 |  4.3
Dodging        | 2 3 |  3.3
Unarmed Combat | 1 2 |  2.6
Ranged Weapons | |  1.3
Spellcasting   | |  1.2
Hexes          | |  2.6
Fire Magic     | |  0.8

Action                     |  1- 3 |  4- 6 || total
---------------------------+-------+-------++-------
   Fire: Sling             |   136 |    82 ||   218
   Cast: Jinxbite          |     3 |     9 ||    12
    Use: Potion            |       |     1 ||     1
 Armour: Robe              |    80 |    55 ||   135
  Dodge: Dodged            |    48 |    40 ||    88

Table legend: (Time is in decaauts)
 A = Elapsed time spent in this place.
 B = Non-inter-level travel time spent in this place.
 C = Inter-level travel time spent in this place.
 D = Time resting spent in this place.
 E = Time spent auto-exploring this place.
 F = Levels seen in this place.
 G = Mean time per level.
                   A        B        C        D        E       F      G
               +--------+--------+--------+--------+--------+-----+--------+
         Total |   2877 |   2764 |    113 |    491 |   1633 |   3 |  959.0 |
       Dungeon |   2877 |   2764 |    113 |    491 |   1633 |   3 |  959.0 |
               +--------+--------+--------+--------+--------+-----+--------+

Top non-repeatable levels by time:
     D:1: 1366 daAuts
     D:2: 916 daAuts
     D:3: 594 daAuts
